 Dungeon Crawl Stone Soup version 0.24-a0-416-g56ce5178b7 (webtiles) character file.

Game seed: 6604170254004974470

17837 Laiders72 the Basher (level 12, -4/106 HPs)
             Began as a Minotaur Fighter on June 7, 2019.
             Was an Elder of Qazlal.
             Slain by a minotaur
             ... wielding an uncursed staff of poison
              (19 damage)
             ... in a Gauntlet on June 8, 2019.
             The game lasted 00:34:00 (11018 turns).

Laiders72 the Basher (Minotaur Fighter)            Turns: 11018, Time: 00:34:01

Health: -4/106     AC: 14    Str: 26    XL:     12   Next: 22%
Magic:  12/15      EV: 20    Int:  6    God:    Qazlal [****..]
Gold:   627        SH: 18    Dex: 19    Spells: 11/11 levels left

rFire    . . .     SeeInvis .   n - +3 flail (holy)
rCold    . . .     Gourm    .   c - +0 shield
rNeg     + . .     Faith    .   o - +2 scale mail {MR+}
rPois    .         Spirit   .   J - +1 hat
rElec    .         Reflect  .   a - +0 cloak
rCorr    .         Harm     .   (no gloves)
MR       +....     NoTele   +   k - +0 pair of boots
Stlth    +.........             (no amulet)
HPRegen  0.27/turn              I - ring of positive energy
MPRegen  0.14/turn              (no ring)

@: mighty, agile, lethally poisoned (-4 -> -5), repel missiles
A: retaliatory headbutt, horns 2
a: Upheaval, Elemental Force, Renounce Religion


You were in a Gauntlet.
You worshipped Qazlal.
Qazlal was greatly pleased with you.
You were not hungry.

You visited 2 branches of the dungeon, and saw 12 of its levels.
You also visited: Sewer and Gauntlet.

You collected 627 gold pieces.

Inventory:

Hand Weapons
 n - a +3 flail of holy wrath (weapon)
Missiles
 b - 2 boomerangs
 g - 77 poisoned darts (quivered)
 A - 17 curare-tipped darts
 B - 7 javelins
 G - a throwing net
Armour
 a - a +0 cloak (worn)
 c - a +0 shield (worn)
 k - a +0 pair of boots (worn)
 o - a +2 scale mail of magic resistance (worn)
 y - a scarf of spirit shield
 J - a +1 hat (worn)
Jewellery
 I - a ring of positive energy (left hand)
 L - an uncursed ring of resist corrosion {unknown}
 M - an uncursed ring of fire {unknown}
Wands
 q - a wand of polymorph (14)
 r - a wand of random effects (14)
 D - a wand of acid (13)
 F - a wand of paralysis (14)
Scrolls
 h - 2 scrolls of enchant weapon
 i - a scroll of fear {unknown}
 j - 2 scrolls of amnesia
 m - 3 scrolls of magic mapping
 s - 2 scrolls of teleportation
 t - 2 scrolls of fog
 x - 4 scrolls of remove curse
 K - a scroll of identify
Potions
 d - 3 potions of might
 e - 7 potions of curing
 l - 4 potions of flight
 u - a potion of lignification
 v - a potion of cancellation {unknown}
 w - a potion of agility
 z - 5 potions of brilliance
 C - a potion of haste
 E - a potion of ambrosia
 H - a potion of magic
Comestibles
 f - 16 rations


   Skills:
 - Level 10.0 Fighting
 - Level 14.3 Maces & Flails
 - Level 4.0 Throwing
 + Level 8.7 Armour
 + Level 7.1 Dodging
 + Level 9.9 Shields
 + Level 5.7 Invocations


You had 11 spell levels left.
You didn't know any spells.
Your spell library contained the following spells:

 Spells                   Type           Power        Failure   Level  Hunger
 Freeze                   Ice            #...         89%         1    ##.....
 Throw Frost              Conj/Ice       #.....       96%         2    ###....
 Ozocubu's Armour         Chrm/Ice       #.......     99%         3    ####...
 Summon Ice Beast         Ice/Summ       #.......     100%        4    #####..
 Throw Icicle             Conj/Ice       #.......     100%        4    #####..


Dungeon Overview and Level Annotations

Branches:
Dungeon (11/15)            Temple (1/1) D:4            Lair (0/6) D:10
    Orc (0/2) D:11

Altars:
Ashenzari
Cheibriados
Dithmenos
Elyvilon
Gozag
Hepliaklqana
Kikubaaqudgha
Nemelex Xobeh
Qazlal
Ru
Sif Muna
Trog
Uskayaw
Vehumet
Wu Jian
Xom
Yredelemnul
Zin
The Shining One
Beogh

Annotations:
Gauntlet 6 transporters, 3 runed translucent doors


Innate Abilities, Weirdness & Mutations

You reflexively headbutt those who attack you in melee.
You have a pair of horns on your head.


Message History

The minotaur is severely wounded.
You block the minotaur's attack. x2
You hit the minotaur.
The minotaur is severely wounded.
You feel sick.
You closely miss the minotaur. You headbutt the minotaur.
The minotaur is almost dead.
You block the minotaur's attack. The minotaur completely misses you.
You hit the minotaur but do no damage. You headbutt the minotaur.
The minotaur is almost dead.
You block the minotaur's attack. The minotaur gores you!
* * * LOW HITPOINT WARNING * * *
Your scale mail prevents you from hitting the minotaur.
You headbutt the minotaur!
The minotaur is almost dead.
You hit the minotaur but do no damage.
You headbutt the minotaur, but do no damage.
The minotaur is almost dead.
The minotaur hits you with an uncursed staff of poison!!
You die...

##≈.#..|©"$.#.#.#)©...#.≈##
##.#########.#########.##
#≈.....................≈#
#≈≈≈#≈≈≈#..∩.⌠.∩..#≈≈≈#≈≈≈#
##≈###≈###.......###≈###≈##
## ################## ##
.......°○...((.#
.⌠.⌠.©.§.⌠.⌠.⌠.#
.......H@......#
.##.##.##(##.### #. #. #.#
# .. ... .##.##.# #. #. .#
. . .. #' #. # .#


You could see a minotaur.

Vanquished Creatures
  A death ooze (Gauntlet)
  A great orb of eyes (Gauntlet)
  Erica (D:9)
  3 two-headed ogres
  Sonja (D:10)
  An unseen horror (D:10)
  Pikel (D:5)
  A necromancer (Gauntlet)
  2 ugly things (Gauntlet)
  Grinder (D:5)
  A hornet (D:10)
  A wyvern (D:11)
  Grum (D:9)
  A basilisk (D:10)
  24 yaks
  A hungry ghost (D:10)
  Purgy (D:3)
  A porcupine (D:10)
  3 sky beasts
  A slave (D:5)
  2 phantoms (D:6)
  8 ice beasts
  A necrophage (D:6)
  6 orc warriors
  An eye of draining (D:10)
  A centaur (D:6)
  7 ogres
  8 wolves
  3 crocodiles (D:10)
  2 big kobolds
  7 bullfrogs
  A wyvern zombie (D:6)
  5 scorpions
  5 wights (D:9)
  5 howler monkeys
  6 crimson imps
  A bullfrog zombie (D:10)
  A gnoll shaman (D:6)
  2 quasits (D:8)
  4 orc priests
  3 hounds
  A jelly (D:7)
  6 orc wizards
  Terence (D:2)
  Jessica (D:2)
  2 centaur skeletons
  Ijyb (D:5)
  4 iguanas
  5 worker ants
  A hound skeleton (D:8)
  A worker ant zombie (D:5)
  7 gnolls
  2 howler monkey skeletons
  6 river rats
  11 adders
  4 shadow imps
  2 oozes
  3 adder zombies
  An adder skeleton (D:9)
  A worm (D:3)
  8 leopard geckos
  54 orcs
  10 bats
  A bat zombie (D:1)
  5 giant cockroaches
  9 goblins
  5 hobgoblins
  21 jackals
  26 kobolds
  3 quokkas
  10 ball pythons
  9 frilled lizards
  A jackal skeleton (D:4)
  A leopard gecko skeleton (D:8)
  A leopard gecko zombie (D:1)
  A quokka skeleton (D:9)
  25 rats
  A withered plant (Gauntlet)
378 creatures vanquished.

Vanquished Creatures (collateral kills)
  An orc warrior (D:10)
  2 orcs (D:10)
3 creatures vanquished.

Vanquished Creatures (others)
  An orc (D:5)
  A frilled lizard (D:5)
2 creatures vanquished.

Grand Total: 383 creatures vanquished

Notes
Turn   | Place    | Note
-------+----------+-------------------------------------------
     0 | D:1      | Laiders72 the Minotaur Fighter began the quest for the Orb.
     0 | D:1      | Reached XP level 1. HP: 19/19 MP: 0/0
   141 | D:1      | Reached XP level 2. HP: 18/27 MP: 1/1
   261 | D:1      | Reached skill level 3 in Maces & Flails
   842 | D:2      | Reached XP level 3. HP: 25/33 MP: 2/2
  1311 | D:2      | Noticed Jessica
  1323 | D:2      | Killed Jessica
  1323 | D:2      | Reached skill level 1 in Throwing
  1323 | D:2      | Reached XP level 4. HP: 38/41 MP: 3/3
  1594 | D:2      | Found a shattered altar of Ashenzari.
  1596 | D:2      | Noticed Terence
  1612 | D:2      | Killed Terence
  1735 | D:3      | Reached skill level 4 in Maces & Flails
  1735 | D:3      | Reached XP level 5. HP: 47/47 MP: 4/4
  1744 | D:3      | Noticed Purgy
  1756 | D:3      | Killed Purgy
  1756 | D:3      | Reached skill level 5 in Fighting
  1756 | D:3      | Reached skill level 5 in Shields
  1756 | D:3      | Reached XP level 6. HP: 52/56 MP: 5/5
  2494 | D:4      | Found a glowing drain.
  2524 | Sewer    | Entered a sewer
  2582 | Sewer    | Reached skill level 5 in Maces & Flails
  2781 | Sewer    | Reached XP level 7. HP: 62/62 MP: 6/6
  3105 | D:4      | Found a staircase to the Ecumenical Temple.
  3122 | Temple   | Entered the Ecumenical Temple
  3392 | Temple   | Became a worshipper of Qazlal Stormbringer
  3657 | D:4      | Upgraded the game from 0.24-a0-415-g6d73c25c48 to
                  | 0.24-a0-416-g56ce5178b7
  3818 | D:4      | Reached * piety under Qazlal
  4035 | D:4      | Reached skill level 6 in Maces & Flails
  4108 | D:5      | Entered Level 5 of the Dungeon
  4139 | D:5      | Noticed Grinder
  4146 | D:5      | Killed Grinder
  4146 | D:5      | Reached XP level 8. HP: 73/73 MP: 7/7
  4209 | D:5      | Noticed Pikel
  4220 | D:5      | Killed Pikel
  4220 | D:5      | Reached skill level 8 in Maces & Flails
  4680 | D:5      | Noticed Ijyb
  4690 | D:5      | Killed Ijyb
  5007 | D:5      | Found a deep blue altar of Sif Muna.
  5420 | D:6      | Reached skill level 9 in Maces & Flails
  5420 | D:6      | Reached XP level 9. HP: 64/84 MP: 4/8
  5422 | D:6      | Reached ** piety under Qazlal
  5646 | D:6      | Reached skill level 10 in Fighting
  5661 | D:6      | Reached skill level 10 in Maces & Flails
  5996 | D:6      | Reached skill level 11 in Maces & Flails
  6133 | D:7      | Found a bloodstained altar of Trog.
  6154 | D:7      | Reached *** piety under Qazlal
  6228 | D:7      | Reached skill level 12 in Maces & Flails
  6246 | D:7      | Found a snail-covered altar of Cheibriados.
  6246 | D:7      | Found a sacrificial altar of Ru.
  6246 | D:7      | Found a radiant altar of Vehumet.
  6617 | D:8      | Noticed a two-headed ogre
  6618 | D:8      | Found a hazy altar of Hepliaklqana.
  6637 | D:8      | Killed a two-headed ogre
  6637 | D:8      | Reached XP level 10. HP: 35/92 MP: 2/9
  6639 | D:8      | Reached skill level 13 in Maces & Flails
  7174 | D:8      | Found a sparkling altar of Nemelex Xobeh.
  7540 | D:9      | Reached **** piety under Qazlal
  7562 | D:9      | Noticed Erica
  7573 | D:9      | Killed Erica
  7573 | D:9      | Reached skill level 14 in Maces & Flails
  7875 | D:9      | Reached skill level 1 in Dodging
  7919 | D:9      | Noticed Grum
  7936 | D:9      | Killed Grum
  7936 | D:9      | Reached skill level 5 in Armour
  7951 | D:9      | Reached skill level 1 in Invocations
  8621 | D:9      | Reached XP level 11. HP: 81/98 MP: 8/11
  8648 | D:9      | Noticed a two-headed ogre
  8658 | D:9      | Killed a two-headed ogre
  8832 | D:10     | Entered Level 10 of the Dungeon
  8834 | D:10     | Noticed a two-headed ogre
  8848 | D:10     | Killed a two-headed ogre
  9701 | D:10     | Noticed Sonja
  9712 | D:10     | Killed Sonja
  9712 | D:10     | Reached skill level 5 in Dodging
  9743 | D:10     | Found a roughly hewn altar of Beogh.
  9931 | D:10     | Killed an unseen horror
  9938 | D:10     | Found a staircase to the Lair.
 10319 | D:11     | Found a gate leading to a gauntlet.
 10324 | D:11     | Reached skill level 5 in Invocations
 10335 | Gauntlet | Entered a Gauntlet
 10335 | Gauntlet | Found a transporter.
 10335 | Gauntlet | Found a transporter.
 10335 | Gauntlet | Found a runed translucent door.
 10369 | Gauntlet | Noticed a death ooze
 10482 | Gauntlet | Found a transporter.
 10483 | Gauntlet | Found a transporter.
 10490 | Gauntlet | Found a transporter.
 10494 | Gauntlet | Found a transporter.
 10496 | Gauntlet | Noticed a necromancer
 10496 | Gauntlet | Noticed a brown ugly thing
 10496 | Gauntlet | Noticed a red ugly thing
 10502 | Gauntlet | Found a transporter.
 10502 | Gauntlet | Noticed a great orb of eyes
 10515 | Gauntlet | Noticed a sea snake
 10515 | Gauntlet | Noticed a glowing orange brain
 10515 | Gauntlet | a sea snake changed into a glowing orange brain
 10518 | Gauntlet | Found a transporter.
 10518 | Gauntlet | a glowing orange brain changed into a moth of wrath
 10523 | Gauntlet | Noticed a shining eye
 10529 | Gauntlet | Noticed a lindwurm
 10529 | Gauntlet | a cyclops changed into a lindwurm
 10532 | Gauntlet | Found a transporter.
 10533 | Gauntlet | Noticed an anaconda
 10533 | Gauntlet | a shining eye changed into an anaconda
 10533 | Gauntlet | Noticed a mana viper
 10533 | Gauntlet | a lindwurm changed into a mana viper
 10536 | Gauntlet | Found a transporter.
 10536 | Gauntlet | a mana viper changed into a spiny frog
 10544 | Gauntlet | Found a transporter.
 10548 | Gauntlet | Found a transporter.
 10552 | Gauntlet | Found a runed translucent door.
 10598 | Gauntlet | Killed a death ooze
 10598 | Gauntlet | Reached XP level 12. HP: 88/106 MP: 14/14
 10612 | Gauntlet | Found a runed translucent door.
 10935 | Gauntlet | Noticed a frost giant
 10938 | Gauntlet | Noticed a dire elephant
 10938 | Gauntlet | a frost giant changed into a dire elephant
 10950 | Gauntlet | Noticed an emperor scorpion
 10950 | Gauntlet | a dire elephant changed into an emperor scorpion
 10959 | Gauntlet | Killed a great orb of eyes
 10978 | Gauntlet | Noticed a quicksilver dragon
 10991 | Gauntlet | Identified the ring "Deduy" {+Fly rElec Str+2 Dex-4}
 10991 | Gauntlet | Noticed a minotaur
 11018 | Gauntlet | Slain by a minotaur

Levels and vault maps discovered:
D:1:      saegor_arrival_fortress, layout_rooms
D:2:      layout_basic, ashenzari_conservatory_becter, first_ration,
          uniq_terence, uniq_jessica
D:3:      wander_river, layout_loops_ring, uniq_purgy
D:4:      layout_basic, minmay_temple_entry_glassed_door,
          cheibrodos_sewer_entry_sluice, hangedman_decor_riveting
D:5:      layout_basic, nicolae_overflow_hidden_temple, uniq_pikel,
          uniq_grinder, uniq_ijyb
D:6:      layout_rooms
D:7:      layout_rooms, bloody_trog, gammafunk_temple_overflow_forgotten,
          serial_corexii_hall, corexii_hall_statues_s, corexii_hall_statues_l
D:8:      layout_cave_pools, lemuel_doored_altar, lemuel_crystal_altar
D:9:      layout_roguey, uniq_grum, uniq_erica
D:10:     layout_roguey, minmay_lair_entry_grove, special_room
          [special_room_orc], uniq_sonja
D:11:     layout_roguey, minmay_orc_entry_guard_dogs, gauntlet_entry_generic,
          enter_bailey_2, uniq_maurice
Temple:   minmay_temple_curvy_loop
Gauntlet: minmay_gauntlet_77_indecision [minmay_gauntlet_arena_77_p_blocks,
          minmay_gauntlet_arena_77_shame_cube,
          minmay_gauntlet_arena_77_two_paths, minmay_gauntlet_arena_77_path,
          minmay_gauntlet_arena_77_squiggly, minmay_gauntlet_arena_77_museum,
          gauntlet_exit_green]

Skill      XL: |  1  2  3  4  5  6  7  8  9 10 11 12 |
---------------+-------------------------------------+-----
Fighting       | 4 5 7 9 10 | 10.0
Shields        | 4 5 6 7 9 |  9.9
Maces & Flails | 3 4 5 6 9 12 14 | 14.3
Throwing       | 1 2 3 4 |  4.0
Armour         | 5 8 |  8.7
Dodging        | 3 6 7 |  7.1
Invocations    | 1 5 |  5.7

Action                   |  1- 3 |  4- 6 |  7- 9 | 10-12 || total
-------------------------+-------+-------+-------+-------++-------
Melee: Flail             |    84 |   166 |   325 |   498 ||  1073
       Headbutt          |     6 |    32 |    66 |   136 ||   240
Throw: Dart              |    14 |    14 |    15 |     8 ||    51
       Javelin           |       |       |     2 |       ||     2
Invok: Upheaval          |       |       |       |     1 ||     1
       Elemental Force   |       |       |       |     4 ||     4
  Use: Potion            |       |     1 |       |     5 ||     6
       Scroll            |       |       |    11 |     8 ||    19
  Eat: Chunk             |     1 |     5 |    13 |    15 ||    34
Armor: Scale mail        |    77 |   139 |   155 |    91 ||   462
Dodge: Dodged            |    56 |    86 |    89 |    85 ||   316
       Deflected         |       |       |       |     5 ||     5
Block: Shield            |    95 |   145 |   250 |   366 ||   856

Table legend:
 A = Non-vault XP
 B = Vault XP
 C = Vault XP percentage of total XP
 D = Non-vault monster count
 E = Vault monster count
 F = Vault count percentage of total count
                 A         B        C        D         E       F
            +---------+---------+-------+---------+---------+-------
      Total |   14783 |   10699 |  42.0 |     266 |     113 |  29.8
            +---------+---------+-------+---------+---------+-------
        D:1 |      37 |       3 |   7.5 |      22 |       2 |   8.3
        D:2 |      63 |      75 |  54.3 |      22 |       2 |   8.3
        D:3 |     227 |     145 |  39.0 |      36 |       1 |   2.7
        D:4 |     446 |      17 |   3.7 |      26 |       3 |  10.3
        D:5 |     515 |     967 |  65.2 |      14 |       3 |  17.6
        D:6 |    1694 |       0 |   0.0 |      33 |       0 |   0.0
        D:7 |     733 |       0 |   0.0 |      17 |       0 |   0.0
        D:8 |    2073 |       0 |   0.0 |      30 |       0 |   0.0
        D:9 |    3271 |    1611 |  33.0 |      34 |       6 |  15.0
       D:10 |    3864 |    3360 |  46.5 |      21 |      39 |  65.0
       D:11 |    1860 |       0 |   0.0 |      11 |       0 |   0.0
      Sewer |       0 |     221 | 100.0 |       0 |      48 | 100.0
   Gauntlet |       0 |    4300 | 100.0 |       0 |       9 | 100.0
            +---------+---------+-------+---------+---------+-------
